 Dungeon Crawl Stone Soup version 0.20-a0-1020-g7b9e4fe (webtiles) character file.

86 Monsterracer the Slasher (level 4, -2/35 HPs)
             Began as a Formicid Abyssal Knight on Apr 18, 2017.
             Was a Believer of Lugonu.
             Killed from afar by Sigmund (9 damage)
             ... with a puff of flame
             ... on level 2 of the Dungeon.
             The game lasted 00:07:07 (2911 turns).

Monsterracer the Slasher (Formicid Abyssal Knight)  Turns: 2911, Time: 00:07:08

Health: -2/35      AC:  3    Str: 19    XL:     4   Next: 78%
Magic:  15/15      EV: 12    Int: 11    God:    Lugonu [**....]
Gold:   132        SH:  0    Dex: 11    Spells: 3/3 levels left

rFire    . . .     SeeInvis +   a - +1 falchion
rCold    . . .     Gourm    .   (no shield)
rNeg     + . .     Faith    .   b - +0 leather armour
rPois    .         Spirit   .   (helmet unavailable)
rElec    .         Reflect  .   (no cloak)
rCorr    .         Harm     .   (no gloves)
MR       .....                  (no boots)
Stlth    +.........             (no amulet)
Regen    0.2/turn               f - ring of magical power
MPRegen  0.2/turn               i - ring of positive energy

@: no status effects
A: permanent stasis, dig shafts and tunnels, four strong arms, antennae 3,
strong 1, MP-powered wands
a: Dig, Shaft Self, Depart the Abyss, Bend Space, Renounce Religion


You were on level 2 of the Dungeon.
You worshipped Lugonu.
Lugonu was pleased with you.
You were not hungry.

You visited 1 branch of the dungeon, and saw 2 of its levels.
You visited the Abyss 1 time.

You collected 132 gold pieces.

Inventory:

Hand Weapons
 a - a +1 falchion (weapon)
Armour
 b - a +0 leather armour (worn)
 e - a +0 large shield
Jewellery
 f - a ring of magical power (left hand)
 i - a ring of positive energy (right hand)
Scrolls
 h - a scroll of enchant armour {unknown}
Comestibles
 c - a bread ration


   Skills:
 - Level 3.2 Fighting
 * Level 3.8 Long Blades
 - Level 2.1 Armour
 + Level 1.7 Dodging
 - Level 3.0 Invocations


You had 3 spell levels left.
You didn't know any spells.

Dungeon Overview and Level Annotations

Branches:
Dungeon (2/15)

Altars:
Nemelex Xobeh

Annotations:
D:2 Sigmund


Innate Abilities, Weirdness & Mutations

You cannot be hasted, slowed, berserked, paralysed or teleported.
You can dig through walls and to a lower floor.
Your four strong arms can wield two-handed weapons with a shield.
You have a pair of large antennae on your head. (SInv)
Your muscles are strong. (Str +2)
You expend magic power (3 MP) to strengthen your wands.


Message History

You now have 132 gold pieces (gained 17).
Sigmund is too close now for your liking.
Sigmund points at you and mumbles some strange words.
You are confused.
You bump into the rock wall.
You bump into the rock wall.
You bump into the rock wall.
You bump into the rock wall.
Sigmund gestures at you while chanting. The magic dart hits you!
You feel less confused.
Sigmund hits you from afar with a scythe!
Sigmund points at you and mumbles some strange words.
The puff of flame hits you!
* * * LOW HITPOINT WARNING * * *
Sigmund laughs darkly.
Sigmund says, "Now you see me, now you don't..."
Sigmund points at you and mumbles some strange words.
The puff of flame hits you!
You die...

.# ##...#####.##.##.## .#
#...##.....>....##########
.######...##.####.......##.....#
....................###.##.....#
#...................# #........#
##...........@......###.##.....#
##.####...##.##.........##.....#
#..####..<##...........#########
..#.......######@......#
..#.###...# #.......#
#.#.###...# #.##.##.###
#.#.##...@# #.##......# ###
..#.##....# #@#####.#.# #..
###.##.##.# #.#####.#.# #.#
..........#
####.......#.######.#
...###..#.#
#.......####........# ##.#
#....###.#####.# ##########


You could see Sigmund.

Vanquished Creatures
  Terence (D:2)
  2 adders (D:2)
  2 dart slugs
  7 bats
  2 giant cockroaches
  2 goblins
  7 hobgoblins
  4 jackals
  4 kobolds
  A quokka (D:2)
  4 rats (D:1)
36 creatures vanquished.

Notes
Turn   | Place    | Note
-------+----------+-------------------------------------------
     0 | Abyss:1  | Monsterracer the Formicid Abyssal Knight began the quest for the Orb.
     0 | Abyss:1  | Reached XP level 1. HP: 18/18 MP: 2/2
    43 | D:1      | Escaped the Abyss
   115 | D:1      | Reached skill level 1 in Dodging
   294 | D:1      | Reached XP level 2. HP: 22/24 MP: 3/3
   828 | D:1      | Reached XP level 3. HP: 23/29 MP: 5/5
   979 | D:2      | Reached ** piety under Lugonu
  1086 | D:2      | Noticed Terence
  1772 | D:2      | Killed Terence
  1772 | D:2      | Reached XP level 4. HP: 17/35 MP: 6/6
  2011 | D:2      | Found a sparkling altar of Nemelex Xobeh.
  2358 | D:2      | Noticed Sigmund
  2784 | D:2      | Gained mutation: You expend magic power (3 MP) to strengthen your wands. [potion of mutation]
  2784 | D:2      | Gained mutation: Your muscles are strong. (Str +2) [potion of mutation]
  2911 | D:2      | Killed from afar by Sigmund

Vault maps used:
D:1:      lightli_arrival_noodles, kennysheep_boxes
D:2:      mrwooster_statue_mirror, nemelex_lonely_heart_becter, uniq_sigmund,
          uniq_terence

Skill      XL: |  1  2  3 |
---------------+----------+-----
Dodging        | 1 |  1.7
Invocations    | 3 |  3.0
Long Blades    | 3 |  3.8
Fighting       | |  3.2
Armour         | |  2.1

Action                   |  1- 3 |  4- 6 || total
-------------------------+-------+-------++-------
Melee: Falchion          |   108 |    34 ||   142
Invok: Bend Space        |     3 |       ||     3
  Use: Potion            |     2 |     1 ||     3
       Scroll            |       |     2 ||     2
 Stab: Sleeping          |     1 |       ||     1
  Eat: Bread ration      |     1 |       ||     1
       Chunk             |       |     2 ||     2
Armor: Leather armour    |    33 |     5 ||    38
Dodge: Dodged            |    72 |    30 ||   102
       Rpst.: Falchion   |    23 |     8 ||    31
